 Dungeon Crawl Stone Soup version 0.20-a0-507-gc86f373 (webtiles) character file.

2115 polly the Protected (level 9, 0/78 HPs)
             Began as a Minotaur Fighter on Jan 22, 2017.
             Was a Follower of Trog.
             Succumbed to a killer bee's poison
             ... on level 8 of the Dungeon.
             The game lasted 00:20:03 (6096 turns).

polly the Protected (Minotaur Fighter)              Turns: 6096, Time: 00:20:04

Health: 0/78       AC: 15    Str: 23    XL:     9   Next: 8%
Magic:  8/8        EV:  6    Int:  5    God:    Trog [*.....]
Gold:   320        SH: 10    Dex: 11    Spells: 8/8 levels left

rFire    . . .     SeeInvis .   a - +0 war axe
rCold    . . .     Gourm    .   B - +0 plate armour
rNeg     + . .     Faith    .   c - +0 shield
rPois    .         Spirit   .   (helmet restricted)
rElec    .         Reflect  .   m - +0 cloak
rCorr    .         Harm     +   (no gloves)
MR       .....                  (no boots)
Stlth    ..........             e - amulet of harm
Regen    0.3/turn               (no ring)
                                l - ring of positive energy

@: lethally poisoned (0 -> -7), exhausted, slowed, very slow
A: retaliatory headbutt, horns 2
a: Berserk, Burn Spellbooks, Renounce Religion


You were on level 8 of the Dungeon.
You worshipped Trog.
Trog was aware of your devotion.
You were hungry.

You visited 2 branches of the dungeon, and saw 9 of its levels.

You collected 320 gold pieces.

Inventory:

Hand Weapons
 a - a +0 war axe (weapon)
Armour
 c - a +0 shield (worn)
 m - a +0 cloak (worn)
 B - a +0 plate armour (worn)
Jewellery
 e - an amulet of harm (around neck)
 l - a ring of positive energy (left hand)
Wands
 v - a wand of polymorph (9/24)
Scrolls
 b - a scroll of fog
 g - 2 scrolls of magic mapping {unknown}
 i - a scroll of fear {unknown}
 k - 4 scrolls of remove curse
 q - 4 scrolls of identify
 r - a scroll of immolation {unknown}
 w - a scroll of teleportation {unknown}
 y - a scroll of recharging
Potions
 d - a potion of might
 n - 2 potions of lignification
 s - a potion of agility
 t - 5 potions of brilliance
 u - 2 potions of haste
Books
 x - a book of Flames

   Spells                             Type                      Level
   a - Flame Tongue                   Conjuration/Fire             1
   b - Throw Flame                    Conjuration/Fire             2
   c - Conjure Flame                  Conjuration/Fire             3
   d - Inner Flame                    Hexes/Fire                   3
   e - Sticky Flame                   Conjuration/Fire             4
   f - Fireball                       Conjuration/Fire             5
   Trog disapproves of the use of such an item.
Comestibles
 f - 3 bread rations
 h - 3 meat rations
 j - 2 royal jellies
 o - 10 fruits


   Skills:
 * Level 6.4 Fighting
 * Level 8.9 Axes
 * Level 8.9 Armour
 + Level 2.1 Dodging
 - Level 0.1 Stealth
 + Level 6.6 Shields


You had 8 spell levels left.
You didn't know any spells.

Dungeon Overview and Level Annotations

Branches:
Dungeon (8/15)             Temple (1/1) D:4
   Lair: D:8-11

Altars:
Cheibriados
Dithmenos
Elyvilon
Fedhas
Gozag
Hepliaklqana
Kikubaaqudgha
Makhleb
Nemelex Xobeh
Okawaru
Qazlal
Ru
Trog
Uskayaw
Vehumet
Xom
Yredelemnul
Zin
The Shining One


Innate Abilities, Weirdness & Mutations

You reflexively headbutt those who attack you in melee.
You have a pair of horns on your head.


Message History

You kill the killer bee!
Trog accepts your kill.
* * * LOW HITPOINT WARNING * * *
You feel sick.
* * * LOW HITPOINT WARNING * * *
You feel sick.
You feel a strong urge to attack something.
You are no longer berserk.
You are exhausted.
You feel yourself slow down.
* * * LOW HITPOINT WARNING * * *
You feel sick.
You eat one of the 11 fruits.
You are feeling hungry.
Mmmm...
Yummy guava.
* * * LOW HITPOINT WARNING * * *
You feel sick.
There is a lethal amount of poison in your body!
There is a lethal amount of poison in your body!
You die...

.. #. #.
#####.####
........#####
........†@..#
...#.##<###.#
#...####.#
##.......#
#..###..#
#[.# .# #..#
.# #..# .#
#..#


There were no monsters in sight!

Vanquished Creatures
  The ghost of terra52 the Magician, a novice VSSk (D:6)
  Eustachio (D:6)
  A black bear (D:6)
  A phantom (D:4)
  An ogre (D:3)
  A centaur (D:5)
  Blork the orc (D:6)
  4 bullfrogs
  2 scorpions
  5 killer bees
  A howler monkey (D:6)
  A crimson imp (D:4)
  A quasit (D:6)
  A gnoll shaman (D:4)
  2 hounds
  2 orc wizards (D:7)
  A bullfrog skeleton (D:7)
  Crazy Yiuf (D:6)
  4 iguanas
  2 worker ants
  Terence (D:3)
  A worker ant zombie (D:6)
  11 gnolls
  7 adders
  An ooze (D:1)
  2 adder zombies (D:6)
  2 worms (D:4)
  2 dart slugs (D:2)
  5 leopard geckos
  11 orcs
  3 ball pythons
  4 bats
  4 giant cockroaches
  3 goblins
  8 hobgoblins
  6 jackals
  8 kobolds
  5 quokkas
  5 frilled lizards
  A goblin zombie (D:4)
  3 kobold skeletons (D:4)
  A kobold zombie (D:4)
  An orc skeleton (D:4)
  An orc zombie (D:4)
  A quokka skeleton (D:5)
  12 rats
143 creatures vanquished.

Notes
Turn   | Place    | Note
-------+----------+-------------------------------------------
     0 | D:1      | polly the Minotaur Fighter began the quest for the Orb.
     0 | D:1      | Reached XP level 1. HP: 19/19 MP: 0/0
   157 | D:1      | Reached XP level 2. HP: 25/27 MP: 1/1
   772 | D:2      | Reached XP level 3. HP: 30/33 MP: 2/2
  1025 | D:2      | Reached XP level 4. HP: 40/40 MP: 3/3
  1049 | D:2      | You fall through a shaft!
  1759 | D:3      | Noticed an ogre
  1765 | D:3      | Killed an ogre
  1765 | D:3      | Reached skill level 5 in Axes
  1765 | D:3      | Reached XP level 5. HP: 47/47 MP: 4/4
  1963 | D:3      | Found a faded altar of an unknown god.
  2121 | D:3      | Noticed Terence
  2129 | D:3      | Killed Terence
  2181 | D:3      | Reached skill level 1 in Dodging
  2382 | D:4      | Found a staircase to the Ecumenical Temple.
  2392 | Temple   | Entered the Ecumenical Temple
  2488 | Temple   | Became a worshipper of Trog the Wrathful
  2522 | D:4      | Noticed a phantom
  2528 | D:4      | Reached XP level 6. HP: 40/53 MP: 5/5
  2535 | D:4      | Reached skill level 5 in Armour
  2846 | D:4      | Found a glowing golden altar of the Shining One.
  3212 | D:4      | Found a basalt altar of Yredelemnul.
  3257 | D:5      | Entered Level 5 of the Dungeon
  3262 | D:5      | Reached skill level 5 in Fighting
  3399 | D:5      | Reached XP level 7. HP: 61/61 MP: 6/6
  3718 | D:5      | Found a sacrificial altar of Ru.
  3731 | D:5      | Reached * piety under Trog
  3786 | D:5      | Reached skill level 5 in Shields
  4903 | D:6      | Noticed Blork the orc
  4937 | D:6      | Killed Blork the orc
  5111 | D:6      | Found a runed door.
  5147 | D:6      | Reached XP level 8. HP: 58/69 MP: 7/7
  5188 | D:6      | Noticed terra52's ghost (novice VSSk)
  5203 | D:6      | Killed terra52's ghost
  5276 | D:6      | Noticed Eustachio
  5287 | D:6      | Killed Eustachio
  5479 | D:6      | Found a burning altar of Makhleb.
  5621 | D:6      | Found a radiant altar of Vehumet.
  5741 | D:6      | Noticed Crazy Yiuf
  5745 | D:6      | Killed Crazy Yiuf
  5835 | D:7      | Reached XP level 9. HP: 26/75 MP: 8/8
  6091 | D:8      | HP: 5/117 [poisoned by a killer bee]
  6094 | D:8      | HP: 2/78 [poisoned by a killer bee]
  6096 | D:8      | Succumbed to a killer bee's poison

Vault maps used:
D:1:      onia_arrival_pyramid
D:3:      chequers_ecumenical_altar_simple_redux, serial_co_window_serial,
          co_window_paths_b, co_window_of_opportunity_a, co_window_corner_a,
          co_window_corner_a, co_window_corner_a, co_window_corner_a,
          co_window_paths_b, co_window_2corner, co_window_broadway_b,
          co_window_of_opportunity_b, glass_columns_a, glass_columns_a,
          glass_columns_a, glass_columns_a, uniq_terence
D:4:      nicolae_tso_besieged_by_evil, overflow_temple_1_default
D:5:      nicolae_ru_great_annihilating_truth, first_bread
D:6:      old_standard_altar, kennysheep_mini_moat, uniq_blork_the_orc,
          uniq_crazy_yiuf_cottage, uniq_eustachio
D:7:      lemuel_doored_altar, the_bakery, minmay_crystal_room
D:8:      tgw_sif, david_lair_shrubbed, supply_closet_lemuel, uniq_joseph
Temple:   eino_temple_water

Skill      XL: |  1  2  3  4  5  6  7  8 |
---------------+-------------------------+-----
Armour         | 4 5 6 8 |  8.9
Shields        | 4 5 6 |  6.6
Axes           | 3 5 6 7 8 |  8.9
Fighting       | 4 5 6 |  6.4
Dodging        | 1 2 |  2.1
Stealth        | |  0.1

Action                   |  1- 3 |  4- 6 |  7- 9 || total
-------------------------+-------+-------+-------++-------
Melee: War axe           |    82 |   143 |   209 ||   434
       Headbutt          |    13 |    14 |    33 ||    60
Invok: Berserk           |       |       |     3 ||     3
  Use: Potion            |       |     2 |     2 ||     4
       Scroll            |       |       |     7 ||     7
 Stab: Paralysed         |       |       |     1 ||     1
  Eat: Bread ration      |       |     1 |       ||     1
       Chunk             |       |     4 |     5 ||     9
       Meat ration       |       |       |     1 ||     1
       Fruit             |       |       |     1 ||     1
Armor: Scale mail        |    43 |    41 |       ||    84
       Chain mail        |       |     4 |     1 ||     5
       Plate armour      |       |       |   162 ||   162
Dodge: Dodged            |    26 |    32 |    49 ||   107
Block: Shield            |    32 |    65 |   139 ||   236
